 Dungeon Crawl Stone Soup version 0.30-a0-748-ge6a52f7cba (webtiles) character file.

Game seed: 13686364093114696693

29052 browni3141 the Cleaver (level 13, -6/108 HPs)
             Began as a Mummy Cinder Acolyte on Feb 8, 2023.
             Was an Initiate of Ignis.
             Mangled by a komodo dragon (24 damage)
             ... on level 1 of the Lair of Beasts.
             The game lasted 00:30:12 (16216 turns).

browni3141 the Cleaver (Mummy Cinder Acolyte)      Turns: 16216, Time: 00:30:13

Health: -6/108     AC: 14    Str: 14    XL:     13   Next: 13%
Magic:  29/29      EV: 10    Int: 18    God:    Ignis [......]
Gold:   473        SH:  0    Dex:  7    Spells: 34/36 levels left

rFire   . . .      SeeInvis .    t - +5 war axe (freeze)
rCold   + + +      Faith    +    (no shield)
rNeg    + + +      Spirit   .    D - +0 ring mail of Fun and Games {rC+ Regen+ Str-4}
rPois   ∞          Reflect  .    i - +0 helmet
rElec   .          Harm     .    E - +0 cloak
rCorr   .          Rampage  .    c - +0 pair of gloves
Will    +....                    f - +0 pair of boots Stlth
                                 y - amulet of magic regeneration
HPRegen 1.18/turn                C - +4 ring of protection
MPRegen 0.61/turn                x - ring of protection from cold

@: no status effects
A: cold resistance 1, negative energy resistance 3, torment resistance 2, heat
vulnerability 1, in touch with death 2, no potions, faith
a: Renounce Religion, Rising Flame


You were on level 1 of the Lair of Beasts.
You worshipped Ignis.
Ignis was noncommittal.
You visited 3 branches of the dungeon, and saw 14 of its levels.

You collected 904 gold pieces.
You spent 431 gold pieces at shops.

Inventory:

Hand Weapons
 a - a -1 hand axe of flaming
 o - a +0 war axe
 t - a +5 war axe of freezing (weapon)
Missiles
 d - 19 poisoned darts
Armour
 b - a +0 robe
 c - a +0 pair of gloves (worn)
 f - a +0 pair of boots (worn)
 i - a +0 helmet (worn)
 k - a +0 leather armour
 l - a +0 ring mail
 u - +0 steam dragon scales
 D - the +0 ring mail of Fun and Games (worn) {rC+ Regen+ Str-4}
   (You found it on level 11 of the Dungeon)

   Str:       It affects your strength (-4).
   rC:        It protects you from cold.
   Regen:     It increases your rate of health regeneration.
 E - a +0 cloak (worn)
Jewellery
 g - a ring of resist corrosion
 x - a ring of protection from cold (right hand)
 y - an amulet of magic regeneration (around neck)
 C - a +4 ring of protection (left hand)
Wands
 r - a wand of flame (6)
 z - a wand of digging (6)
Scrolls
 e - 13 scrolls of identify
 j - a scroll of poison
 m - 5 scrolls of magic mapping
 p - 2 scrolls of vulnerability
 q - a scroll of torment
 s - a scroll of blinking
 w - 3 scrolls of fog
 A - a scroll of brand weapon
 B - a scroll of enchant armour


   Skills:
 - Level 12.0 Fighting
 * Level 13.2 Axes
 - Level 3.0 Armour
 - Level 12.0 Spellcasting
 - Level 3.0 Fire Magic
 - Level 4.0 Evocations


You had 34 spell levels left.
You knew the following spells:

 Your Spells              Type           Power      Damage    Failure   Level
a - Scorch                Fire           42%        2d7       5%          2

Your spell library contained the following spells:

 Spells                   Type           Power      Damage    Failure   Level
 Freeze                   Ice            40%        1d6       13%         1
 Kiss of Death            Conj/Necr      96%        2d12      13%         1
 Inner Flame              Hex/Fire       16%        N/A       21%         3
 Confusing Touch          Hex            10%        N/A       36%         3
 Dazzling Flash           Conj/Hex       20%        N/A       36%         3
 Frozen Ramparts          Ice            20%        1d4       36%         3
 Hailstorm                Conj/Ice       10%        3d5       36%         3
 Cause Fear               Hex            5%         N/A       77%         4
 Dispel Undead            Necr           24%        3d12      77%         4
 Iskenderun's Mystic Bla  Conj/Tloc      10%        2d4       77%         4
 Summon Lightning Spire   Summ/Air       10%        N/A       77%         4
 Starburst                Conj/Fire      8%         6d4       100%        6
 Discord                  Hex            5%         N/A       100%        8
 Maxwell's Capacitive Co  Air            5%         ∞         100%        8
 Storm Form               Tmut/Air       Unusable   N/A       N/A         7

Dungeon Overview and Level Annotations

Branches:
Dungeon (12/15)            Temple (0/1) D:5            Lair (1/5) D:10
    Orc (1/2) D:12

Altars:
Ashenzari
Gozag
Nemelex Xobeh
Okawaru
Qazlal
Sif Muna
Trog
Vehumet
Wu Jian

Shops:
D:5 (   D:6 ?   D:7 ?(([   D:9 :   D:11 [

Annotations:
D:3 1 runed translucent door, Crazy Yiuf
D:11 exclusion: ice statue
D:12 2 runed translucent doors, exclusion: door


Innate Abilities, Weirdness & Mutations

You are immune to poison.
Your flesh is cold resistant. (rC+)
You are immune to negative energy. (rN+++)
You are immune to unholy pain and torment.
You are vulnerable to heat. (rF-)
You are strongly in touch with the powers of death.
You do not drink.
You have a special connection with the divine. (Faith)


Message History

You closely miss the komodo dragon.
The komodo dragon is heavily wounded.
You hit the iguana but do no damage.
The iguana is engulfed in noxious fumes.
The iguana appears confused.
The iguana bites the swamp drake.
The komodo dragon is engulfed in noxious fumes.
The komodo dragon appears confused.
The komodo dragon bites the iguana!
The iguana dies!
The komodo dragon is engulfed in noxious fumes.
The komodo dragon bites you!
* * * LOW HITPOINT WARNING * * *
The iguana is engulfed in noxious fumes.
The iguana bites you but does no damage.
You hit the komodo dragon.
The komodo dragon seems to slow down.
You freeze the komodo dragon.
The komodo dragon is severely wounded.
You hit the iguana. You freeze the iguana.
The iguana is no longer moving slowly.
The iguana is engulfed in noxious fumes.
The iguana appears confused.
The komodo dragon is engulfed in noxious fumes.
The komodo dragon appears confused.
The komodo dragon bites the frilled lizard.
The frilled lizard dies!
You hit the komodo dragon. You freeze the komodo dragon.
The komodo dragon is almost dead.
You closely miss the iguana.
The iguana is engulfed in noxious fumes.
The iguana appears confused.
The iguana bites the swamp drake.
The komodo dragon is engulfed in noxious fumes.
The komodo dragon appears confused.
The komodo dragon barely misses the swamp drake.
The komodo dragon is engulfed in noxious fumes.
The komodo dragon bites you!
* * * LOW HITPOINT WARNING * * *
You hit the komodo dragon. You freeze the komodo dragon.
The komodo dragon is almost dead.
You hit the iguana but do no damage. The iguana closely misses you.
The komodo dragon bites you!!
You die...

P.##...~≈≈~≈†≈~≈≈≈..........##...
#.##..###≈≈≈≈..............####..
..##### ##≈≈#####................
..# ####.# #....#........... #.#
#..# #................ ..#
##..###................ ###
#.l.†##.#.#.....###.... ###
..≈≈≈..#kl#.#.#.....# .... ..#
...kll.##l@.......... ... #.#
...l### #######..###P. .#. ###
#.. #### ### ## ##


You could see 2 komodo dragons, a swamp drake and an iguana (confused).

Vanquished Creatures
  Snorg (D:11)
  3 two-headed ogres
  An ogre mage (Orc:1)
  An ugly thing (D:12)
  A deep elf zephyrmancer (D:12)
  An oklob plant (D:9)
  3 manticores (D:12)
  A cyclops (D:12)
  5 elephants
  A torpor snail (Lair:1)
  2 gargoyles
  3 cane toads
  7 komodo dragons
  3 trolls
  A queen bee (Lair:1)
  4 hornets
  4 dream sheep (Lair:1)
  5 slime creatures (D:12)
  33 yaks
  2 vampires
  8 wyverns
  4 shadows
  2 basilisks
  2 steam dragons
  An acid dragon (D:10)
  10 water moccasins
  5 orc warriors
  3 ice beasts
  A black bear (D:7)
  4 ogres
  7 centaurs
  2 kobold brigands
  2 bullfrogs
  4 scorpions
  11 wights
  45 killer bees
  5 howler monkeys
  An electric eel (Lair:1)
  12 jellies (D:9)
  4 orc priests
  2 hounds
  A gnoll bouda (Orc:1)
  11 orc wizards
  11 iguanas
  Robin (D:2)
  5 gnolls (Orc:1)
  9 adders
  2 shadow imps
  A white imp (D:5)
  2 ufetubi
  3 worms
  2 dart slugs
  27 orcs
  2 ball pythons
  14 endoplasms
  4 giant cockroaches
  22 goblins
  16 hobgoblins
  3 jackals (D:2)
  A quokka (D:1)
  3 bats
  21 frilled lizards
  9 kobolds
  5 rats
392 creatures vanquished.

Vanquished Creatures (collateral kills)
  A howler monkey (D:8)
  An orc priest (D:8)
  An orc wizard (D:8)
  2 orcs (D:8)
5 creatures vanquished.

Vanquished Creatures (others)
  An iguana (Lair:1)
  A frilled lizard (Lair:1)
  7 fungi
  11 plants
20 creatures vanquished.

Grand Total: 417 creatures vanquished

Notes
Turn   | Place    | Note
-------+----------+-------------------------------------------
     0 | D:1      | browni3141 the Mummy Cinder Acolyte began the quest for the
                  | Orb.
     0 | D:1      | Reached XP level 1. HP: 18/18 MP: 2/2
   205 | D:1      | Reached XP level 2. HP: 24/24 MP: 5/5
   208 | D:1      | Learned a level 2 spell: Scorch
  1238 | D:2      | Gained mutation: You are in touch with the powers of death.
                  | [Mummy growth]
  1238 | D:2      | Reached XP level 3. HP: 29/29 MP: 4/7
  1499 | D:2      | Reached skill level 3 in Axes
  1726 | D:2      | Reached XP level 4. HP: 35/35 MP: 5/8
  2087 | D:2      | Noticed Robin
  2099 | D:2      | Killed Robin
  2566 | D:3      | Found a runed translucent door.
  2567 | D:3      | Noticed Crazy Yiuf
  3505 | D:4      | Reached XP level 5. HP: 41/41 MP: 6/9
  3530 | D:4      | Reached skill level 4 in Axes
  3591 | D:4      | Reached skill level 1 in Armour
  4201 | D:4      | Reached XP level 6. HP: 48/48 MP: 5/10
  4809 | D:5      | Entered Level 5 of the Dungeon
  4847 | D:5      | Identified the +1 robe of the Unseen Realm {Harm rN+}
  5074 | D:5      | Found Gekoruuj's Weapon Emporium.
  5194 | D:5      | Reached skill level 5 in Fighting
  5197 | D:5      | Reached XP level 7. HP: 16/57 MP: 5/11
  5793 | D:5      | Found a staircase to the Ecumenical Temple.
  6056 | D:6      | Found Qehucea Coerch's Magic Scroll Shoppe.
  6070 | D:6      | Bought a scroll of vulnerability for 60 gold pieces
  6070 | D:6      | Bought a scroll of torment for 142 gold pieces
  6578 | D:6      | Reached skill level 5 in Axes
  6884 | D:7      | Found Zauhun's Magic Scroll Boutique.
  6907 | D:7      | Bought a scroll of blinking for 90 gold pieces
  6907 | D:7      | Bought a scroll of blinking for 90 gold pieces
  6921 | D:7      | Found an ornate altar of the Wu Jian Council.
  6939 | D:7      | Found Fuaciel's Antique Weapon Shoppe.
  7075 | D:7      | Reached XP level 8. HP: 64/64 MP: 1/12
  7170 | D:7      | Found Xeka Bas's Antique Weapon Shoppe.
  7371 | D:7      | Reached skill level 6 in Axes
  7829 | D:7      | Reached skill level 7 in Axes
  8130 | D:7      | Found Lutump's Antique Armour Boutique.
  8152 | D:7      | Reached skill level 8 in Axes
  8267 | D:7      | Reached XP level 9. HP: 68/69 MP: 6/13
  8986 | D:8      | Reached skill level 9 in Axes
  9095 | D:8      | Found a broken altar of Ashenzari.
  9097 | D:8      | Found a shimmering blue altar of Sif Muna.
  9099 | D:8      | Found an iron altar of Okawaru.
  9099 | D:8      | Found a stormy altar of Qazlal.
  9105 | D:8      | Found a bloodstained altar of Trog.
  9284 | D:8      | Reached skill level 10 in Axes
  9300 | D:8      | Reached skill level 1 in Evocations
  9820 | D:9      | Found Wusa's Book Emporium.
  9927 | D:9      | Reached XP level 10. HP: 47/79 MP: 14/14
 10092 | D:9      | Noticed an oklob plant
 11000 | D:9      | Killed an oklob plant
 11080 | D:10     | Entered Level 10 of the Dungeon
 11312 | D:10     | Reached skill level 10 in Fighting
 11312 | D:10     | Reached skill level 5 in Spellcasting
 11376 | D:10     | Reached XP level 11. HP: 68/90 MP: 20/20
 11566 | D:10     | Found a staircase to the Lair.
 11689 | D:10     | Found a sparkling altar of Nemelex Xobeh.
 12656 | D:11     | Found Yngo Uro's Armour Shop.
 12853 | D:11     | Reached skill level 10 in Spellcasting
 13202 | D:11     | Identified the +0 ring mail of Fun and Games {rC+ Regen+
                  | Str-4}
 13218 | D:11     | Noticed Snorg
 13229 | D:11     | Killed Snorg
 13576 | D:11     | Bought a +0 cloak for 49 gold pieces
 13919 | D:12     | Reached skill level 11 in Axes
 14085 | D:12     | Noticed a two-headed ogre
 14092 | D:12     | Killed a two-headed ogre
 14265 | D:12     | Noticed a brown ugly thing
 14269 | D:12     | Reached XP level 12. HP: 47/97 MP: 26/26
 14272 | D:12     | Reached skill level 12 in Axes
 14381 | D:12     | Found a staircase to the Orcish Mines.
 15022 | D:12     | Found a runed translucent door.
 15023 | D:12     | Found a runed translucent door.
 15128 | D:12     | Noticed a six-headed hydra
 15197 | Orc:1    | Entered Level 1 of the Orcish Mines
 15198 | Orc:1    | Found a radiant altar of Vehumet.
 15230 | Orc:1    | Noticed a two-headed ogre
 15231 | Orc:1    | Noticed an ogre mage
 15232 | Orc:1    | Noticed a two-headed ogre
 15238 | Orc:1    | Killed a two-headed ogre
 15238 | Orc:1    | Killed an ogre mage
 15238 | Orc:1    | Killed a two-headed ogre
 15428 | Lair:1   | Entered Level 1 of the Lair of Beasts
 15610 | Lair:1   | Found an opulent altar of Gozag.
 16028 | Lair:1   | Gained mutation: You are strongly in touch with the powers
                  | of death. [Mummy growth]
 16028 | Lair:1   | Reached XP level 13. HP: 70/108 MP: 28/28
 16047 | Lair:1   | Reached skill level 13 in Axes
 16216 | Lair:1   | Mangled by a komodo dragon

Illustrated notes

Levels and vault maps discovered:
D:1:      wander_arrival_desolate, layout_basic,
          nicolae_concentric_dashed_squares_mild
D:2:      layout_loops_ring, minmay_ruptured, uniq_robin
D:3:      layout_loops_ring, kennysheep_pointless_box, uniq_crazy_yiuf_cottage
D:4:      cheibrodos_greedy_goblins, layout_basic, serial_glass,
          glass_columns_c, glass_columns_a, nicolae_hexahallways
D:5:      layout_loops_ring, minmay_temple_entry_from_below_a, serial_shops,
          nicolae_shop_bloodbath_and_beyond, minmay_misc_feat_tower
D:6:      layout_cave_pods, nicolae_wooded_promenade
D:7:      layout_basic, nzn_wu_jian_contemplation, serial_shops, shop,
          shop_coins, shop_fountains, nicolae_inconvenience_store
D:8:      layout_gridville, grunt_temple_overflow_open
D:9:      lemuel_slime, layout_loops_cross, serial_shops, nicolae_diamond_shop
D:10:     layout_loops_corners, lemuel_round_altar, minmay_lair_entry_grove,
          chequers_serial_rivers_room_b
D:11:     lemuel_ice_statue, layout_cave_pools, serial_shops,
          nicolae_shop_hallway_plus, uniq_snorg
D:12:     minmay_the_grid_triangle_9x9_rhombus_full
          [minmay_the_grid_triangle_9x9_zippers_vertical,
          minmay_the_grid_triangle_9x9_cache,
          minmay_the_grid_triangle_9x9_longest,
          minmay_the_grid_triangle_9x9_flanged_cone,
          minmay_the_grid_triangle_9x9_zippers_horizontal,
          minmay_the_grid_triangle_9x9_tough_junction,
          minmay_the_grid_triangle_9x9_sprig,
          minmay_the_grid_triangle_9x9_prize_center], layout_basic, david_orc_2
Lair:1:   lemuel_reptile_caves, layout_long_grid, special_room
          [special_room_bee], basic_altar, lemuel_old_faithful,
          serial_bayou_shore_a, infiniplex_staircase_pool_2
Orc:1:    layout_caves, biasface_ghost_orc_armoury, serial_shops, shop,
          basic_altar, mines1_david, uniq_erolcha, uniq_sonja, uniq_maurice

Skill      XL: |  1  2  3  4  5  6  7  8  9 10 11 12 13 |
---------------+----------------------------------------+-----
Spellcasting   | 2 3 6 10 11 12 | 12.0
Fire Magic     | 3 |  3.0
Axes           | 3 4 5 8 10 11 12 13 | 13.2
Armour         | 1 2 3 |  3.0
Fighting       | 5 6 7 10 12 | 12.0
Evocations     | 2 4 |  4.0

Action                     |  1- 3 |  4- 6 |  7- 9 | 10-12 | 13-15 || total
---------------------------+-------+-------+-------+-------+-------++-------
  Melee: Hand axe          |    39 |    94 |    46 |       |       ||   179
         War axe           |       |       |   124 |   412 |    76 ||   612
         Punch             |       |       |     1 |     5 |     1 ||     7
   Cast: Scorch            |    27 |    57 |    62 |    92 |    12 ||   250
 Invoke: Fiery Armour      |       |     2 |     1 |     8 |     1 ||    12
  Evoke: Wand              |       |       |     8 |     9 |       ||    17
    Use: Scroll            |       |     2 |     2 |    10 |       ||    14
   Stab: Invisible         |       |       |       |     1 |       ||     1
 Armour: Robe              |    12 |    22 |       |       |       ||    34
         Ring mail         |       |    53 |    33 |   159 |    70 ||   315
         Steam dragon scal |       |       |    71 |    68 |       ||   139
  Dodge: Dodged            |    32 |    55 |   132 |   282 |    76 ||   577

Table legend: (Time is in decaauts)
 A = Elapsed time spent in this place.
 B = Non-inter-level travel time spent in this place.
 C = Inter-level travel time spent in this place.
 D = Time resting spent in this place.
 E = Time spent auto-exploring this place.
 F = Levels seen in this place.
 G = Mean time per level.
                   A        B        C        D        E       F      G
               +--------+--------+--------+--------+--------+-----+--------+
         Total |  16227 |  15637 |    590 |   1377 |  11666 |  14 | 1159.1 |
       Dungeon |  15532 |  14944 |    588 |   1327 |  11442 |  12 | 1294.3 |
          Lair |    610 |    610 |      0 |     50 |    195 |   1 |  610.0 |
  Orcish Mines |     84 |     84 |      0 |      0 |     29 |   1 |   84.0 |
               +--------+--------+--------+--------+--------+-----+--------+

Top non-repeatable levels by time:
     D:7: 2114 daAuts
    D:10: 1812 daAuts
    D:12: 1665 daAuts
     D:4: 1318 daAuts
     D:9: 1305 daAuts
     D:2: 1227 daAuts
     D:3: 1223 daAuts
     D:1: 1052 daAuts
     D:6: 1035 daAuts
     D:5: 1018 daAuts
    D:11: 952 daAuts
     D:8: 805 daAuts
  Lair:1: 610 daAuts
   Orc:1: 84 daAuts
